 Dungeon Crawl Stone Soup version 0.31-a0-609-g7bf6ffcfed (webtiles) character file.

Game seed: 8358589188659648997

133 Ghostmaker01 the Chopper (level 4, 40/40 HPs)
             Began as a Minotaur Fighter on Aug 21, 2023.
             Quit the game on level 3 of the Dungeon.
             The game lasted 00:03:55 (1709 turns).

Ghostmaker01 the Chopper (Minotaur Fighter)         Turns: 1709, Time: 00:03:56

Health: 40/40      AC:  8    Str: 22    XL:     4   Next: 93%
Magic:  3/3        EV:  9    Int:  5    God:
Gold:   167        SH:  4    Dex: 10    Spells: 3/3 levels left

rFire   . . .        a - +0 war axe
rCold   . . .        c - +0 buckler
rNeg    . . .        b - +0 scale mail
rPois   .            (helmet restricted)
rElec   .            n - +0 cloak
rCorr   .            (no gloves)
SInv    .            (no boots)
Will    .....        (no amulet) Stlth
                     (no ring)
HPRegen 0.26/turn    (no ring)
MPRegen 0.08/turn

%: no passive effects
@: no status effects
A: horns 2, retaliatory headbutt
a: no special abilities


You were on level 3 of the Dungeon.
You visited 1 branch of the dungeon, and saw 3 of its levels.

You collected 167 gold pieces.

Inventory:

Hand Weapons
 a - a +0 war axe (weapon)
 t - a +0 spectral spear
Armour
 b - a +0 scale mail (worn)
 c - a +0 buckler (worn)
 n - a +0 cloak (worn)
Scrolls
 e - a scroll of fear {unknown}
 h - 3 scrolls of enchant armour {unknown}
 j - a scroll of enchant weapon {unknown}
 k - a scroll of noise {unknown}
 l - a scroll of blinking {unknown}
 m - 2 scrolls of revelation {unknown}
 r - a scroll of identify {unknown}
 s - a scroll of teleportation {unknown}
Potions
 d - a potion of might
 f - a potion of resistance {unknown}
 g - a potion of enlightenment {unknown}
 i - 4 potions of lignification {unknown}
 o - 3 potions of degeneration {unknown}
 p - a potion of haste {unknown}
 q - a potion of heal wounds {unknown}


   Skills:
 + Level 4.2 Fighting
 + Level 4.8 Axes
 + Level 4.2 Armour
 + Level 0.2 Dodging
 + Level 0.4 Stealth
 + Level 4.1 Shields


You had 3 spell levels left.
You didn't know any spells.
Your spell library contained the following spells:

 Spells                   Type           Power      Damage    Failure   Level
 Dazzling Flash           Conj/Hex       0%         N/A       99%         3
 Volatile Blastmotes      Fire/Tloc      0%         2d10      99%         3
 Starburst                Conj/Fire      0%         6d3       100%        6
 Maxwell's Capacitive Co  Air            0%         ∞         100%        8


Dungeon Overview and Level Annotations

Branches:
Dungeon (3/15)

Altars:
Kikubaaqudgha
Okawaru

Shops:
D:1 ?


Innate Abilities, Weirdness & Mutations

You have a pair of horns on your head.
You reflexively headbutt those who attack you in melee.


Message History

a staff of cold; a rat corpse A goblin is nearby!
The goblin closely misses you.
You barely miss the goblin. The goblin hits you with a +0 club.
You closely miss the goblin. Your headbutt misses the goblin.
The goblin barely misses you. You furiously retaliate!
You headbutt the goblin.
You kill the goblin!
No target in view!
No target in view!
No target in view!
No target in view!
No target in view!
No target in view!
HP restored.
You see here a +0 club.
Found a stone staircase leading down.
r - a scroll labelled DOEWNUWANK
s - a scroll labelled IMETYTRETA You enter the shallow water.
Moving in this stuff is going to be slow.
You open the door.
There is an open door here.
You now have 160 gold pieces (gained 17).
A bat comes into view.
The bat hits you but does no damage.
A bat is nearby!
You slash the bat!
You kill the bat!
No target in view!
No target in view!
You now have 167 gold pieces (gained 7).
You open the door.
Found a morningstar.
Found an iron altar of Okawaru.
There is an open door here.
You see here a +0 spectral spear.
No target in view!
You see here a +0 morningstar.
You see here a +0 spectral spear.
t - a +0 spectral spear Are you sure you want to abandon this character and quit the game? (Confirm with "yes".)

#### # ########..# .#
#......#..###..# #......##)....#
# #.......'.@_..# ####
#######......##.....# #..######
......##....##..###..# #........
#####.#####.##..# .# #########
.............##### # #.#.....#
.#.#..#####......# #.#.....#
.#.#..#####..############.......#
................##......#.#.....#
...#..#.###.....##......#.#.....#


There were no monsters in sight!

Vanquished Creatures
  Jessica (D:2)
  3 gnolls (D:2)
  2 adders (D:2)
  A white imp (D:3)
  3 worms (D:2)
  A dart slug (D:2)
  An orc (D:3)
  3 endoplasms (D:2)
  3 giant cockroaches
  3 hobgoblins
  4 jackals (D:2)
  A quokka (D:2)
  2 ball pythons
  8 bats
  A frilled lizard (D:2)
  5 goblins
  A kobold (D:2)
  2 rats
45 creatures vanquished.

Notes
Turn   | Place    | Note
-------+----------+-------------------------------------------
     0 | D:1      | Ghostmaker01 the Minotaur Fighter began the quest for the
                  | Orb.
     0 | D:1      | Reached XP level 1. HP: 19/19 MP: 0/0
    92 | D:1      | Found Reov Foih's Magic Scroll Shop.
   182 | D:1      | Reached XP level 2. HP: 27/27 MP: 1/1
   268 | D:1      | Found a faded altar of an unknown god.
   426 | D:2      | Reached XP level 3. HP: 11/33 MP: 2/2
   721 | D:2      | Noticed Jessica
   726 | D:2      | Killed Jessica
   727 | D:2      | Reached XP level 4. HP: 37/40 MP: 3/3
  1224 | D:3      | Identified the +0 robe of Ezoololo {rPois}
  1414 | D:3      | Found an ancient bone altar of Kikubaaqudgha.
  1700 | D:3      | Found an iron altar of Okawaru.
  1709 | D:3      | Quit the game

Illustrated notes

Levels and vault maps discovered:
D:1:      psy_arrival_spokes, layout_rooms,
          shapermc_ecumenical_altar_mp_ritualfount, serial_shops, shop_scrolls
D:2:      layout_rooms, uniq_jessica
D:3:      layout_basic, kiku_gazebo_pond_becter,
          hellmonk_okawaru_the_only_friend_you_need, serial_co_window_serial,
          co_window_of_opportunity_a, co_window_of_opportunity_a,
          co_window_paths_b, co_window_paths_a, co_window_corner_a,
          co_window_corner_cb, co_window_corner_b, co_window_corner_b,
          co_window_2corner, glass_columns_c, glass_columns_a, glass_columns_c,
          kennysheep_small_spiral, serial_bayou_lagoon_a

Skill      XL: |  1  2  3 |
---------------+----------+-----
Axes           | 3 4 |  4.8
Armour         | 4 |  4.2
Fighting       | 4 |  4.2
Shields        | 4 |  4.1
Dodging        | |  0.2
Stealth        | |  0.4

Action                     |  1- 3 |  4- 6 || total
---------------------------+-------+-------++-------
  Melee: War axe           |    55 |    49 ||   104
         Headbutt          |    12 |     9 ||    21
 Armour: Scale mail        |    27 |    26 ||    53
  Dodge: Dodged            |    26 |    30 ||    56
  Block: Buckler           |    16 |    10 ||    26

Table legend: (Time is in decaauts)
 A = Elapsed time spent in this place.
 B = Non-inter-level travel time spent in this place.
 C = Inter-level travel time spent in this place.
 D = Time resting spent in this place.
 E = Time spent auto-exploring this place.
 F = Levels seen in this place.
 G = Mean time per level.
                   A        B        C        D        E       F      G
               +--------+--------+--------+--------+--------+-----+--------+
         Total |   1746 |   1690 |     56 |      0 |   1334 |   3 |  582.0 |
       Dungeon |   1746 |   1690 |     56 |      0 |   1334 |   3 |  582.0 |
               +--------+--------+--------+--------+--------+-----+--------+

Top non-repeatable levels by time:
     D:2: 752 daAuts
     D:3: 574 daAuts
     D:1: 420 daAuts
